 Dungeon Crawl Stone Soup version 0.27-a0-328-g7f782ed93a (webtiles) character file.

Game seed: 2137563964780458357

2344 CurlyBrace the Covert (level 9, 3/46 HPs)
             Began as a Felid Summoner on Feb 11, 2021.
             Was the Champion of Cheibriados.
             Quit the game on level 2 of the Orcish Mines.
             The game lasted 00:50:22 (3501 turns).

CurlyBrace the Covert (Felid Summoner)              Turns: 3501, Time: 00:50:22

Health: 3/46       AC:  2    Str: 20    XL:     9   Next: 20%
Magic:  0/11       EV: 33    Int: 33    God:    Cheibriados [******]
Gold:   478        SH:  0    Dex: 31    Spells: 9/14 levels left
                                        Lives:  0   Deaths: 3

rFire    . . .     SeeInvis +     - Unarmed
rCold    . . .     Faith    +   (shield unavailable)
rNeg     . . .     Spirit   .   (armour unavailable)
rPois    .         Reflect  .   (helmet unavailable)
rElec    .         Harm     .   (cloak unavailable)
rCorr    .         Rampage  .   (gloves unavailable)
Will     +....                  (boots unavailable)
Stlth    ++++++....             b - amulet of faith
HPRegen  0.55/turn              h - ring of ice
MPRegen  0.12/turn              c - ring of fire

@: very slow
A: very small, no armour, no weapons or thrown items, stealth, claws 1, fangs 3,
see invisible, clumsy 1, speed 1, low mp 2, regeneration 1, shaggy fur 2, sharp
paws
a: Renounce Religion, Bend Time, Temporal Distortion, Slouch, Step From Time


You were on level 2 of the Orcish Mines.
You worshipped Cheibriados.
Cheibriados was exalted by your worship.
You visited 3 branches of the dungeon, and saw 13 of its levels.

You collected 594 gold pieces.
You spent 116 gold pieces at shops.

Inventory:

Jewellery
 b - an amulet of faith (around neck)
   (You found it on level 2 of the Dungeon)
 c - a ring of fire (right paw)
   (You found it on level 1 of the Dungeon)
 h - a ring of ice (left paw)
   (You found it on level 8 of the Dungeon)
Wands
 f - a wand of flame (60)
   (You found it on level 6 of the Dungeon)
 g - a wand of acid (3)
   (You took it off Erica on level 9 of the Dungeon)
Scrolls
 e - a scroll of amnesia
 i - a scroll of magic mapping
Potions
 d - a potion of attraction


   Skills:
 * Level 9.5 Fighting
 + Level 9.1 Dodging
 + Level 10.2 Stealth
 * Level 9.5 Unarmed Combat
 - Level 3.0 Spellcasting
 - Level 1.0 Hexes
 - Level 4.0 Summonings
 - Level 1.0 Ice Magic
 - Level 3.0 Invocations
 - Level 3.0 Evocations


You had 9 spell levels left.
You knew the following spells:

 Your Spells              Type           Power        Failure   Level
a - Summon Small Mammal   Summ           100%         1%          1
b - Call Imp              Summ           31%          1%          2
c - Ensorcelled Hibernat  Hex/Ice        34%          6%          2

Your spell library contained the following spells:

 Spells                   Type           Power        Failure   Level
 Corona                   Hex            12%          3%          1
 Call Canine Familiar     Summ           31%          3%          3
 Summon Guardian Golem    Hex/Summ       21%          6%          3
 Confusing Touch          Hex            11%          12%         3
 Tukima's Dance           Hex            11%          12%         3
 Dazzling Flash           Conj/Hex       16%          14%         3
 Summon Ice Beast         Ice/Summ       32%          21%         4
 Summon Lightning Spire   Summ/Air       18%          26%         4


Dungeon Overview and Level Annotations

Branches:
Dungeon (10/15)            Temple (0/1) D:4            Lair (1/6) D:9
    Orc (2/2) D:10            Elf (0/3) Orc:2

Altars:
Ashenzari
Cheibriados
Ru
Trog
Vehumet
Yredelemnul
The Shining One

Shops:
D:4 *   D:6 *   D:10 ([

Annotations:
D:2 Natasha
D:6 3 runed translucent doors, TimeIsEndless's ghost, novice DEAE
Orc:2 exclusion: upstairs


Innate Abilities, Weirdness & Mutations

You cannot wear armour.
You are incapable of wielding weapons or throwing items.
Your paws allow you to move quietly. (Stealth)
You have sharp claws.
You have razor-sharp teeth.
You have supernaturally acute eyesight. (SInv)
You cover ground quickly.
You are covered in thick fur. (AC +2)
Your sharp claws are effective at attacking unaware monsters.
You are clumsy. (Dex -2)
Your magical capacity is very low. (-20% MP)
Your natural rate of healing is unusually fast.


Message History

The two-headed ogre completely misses you. x2
You scratch the two-headed ogre but do no damage.
You bite the two-headed ogre, but do no damage.
The orc barely misses you.
Unknown command.
You claw the two-headed ogre!
The two-headed ogre is moderately wounded.
The two-headed ogre completely misses you.
The two-headed ogre barely misses you. The orc completely misses you.
Unknown command.
Casting: Ensorcelled Hibernation (safe; 6% risk of failure)
Confirm with . or Enter, or press ? or * to list all spells.
Aiming: Ensorcelled Hibernation (safe; 6% risk of failure)
Press: ? - help, Shift-Dir - straight line, f/p - two-headed ogre
Aim: a two-headed ogre, wielding two +0 giant clubs (blue smoke, moderately wounded, chance to affect: 30%)
You feel a surge of power!
The two-headed ogre easily resists.
The two-headed ogre hits you with a +0 giant club!
The two-headed ogre closely misses you. The orc completely misses you.
You claw the two-headed ogre!
The two-headed ogre is heavily wounded.
Unknown command.
You scratch the two-headed ogre.
The two-headed ogre is severely wounded.
The two-headed ogre completely misses you.
The two-headed ogre hits you with a +0 giant club!!
The orc hits you but does no damage.
You hear two shouts!
Unknown command.
You feel better. The orc closely misses you.
The two-headed ogre completely misses you.
The two-headed ogre misses you.
You feel better. The orc completely misses you.
The two-headed ogre hits you with a +0 giant club!!
Ouch! That really hurt!
* * * LOW HITPOINT WARNING * * *
The two-headed ogre misses you.
You hear a shout!
Unknown command.
Okay, then.
Are you sure you want to abandon this character and quit the game? (Confirm with "yes".)

#...# ### #.######## ##.###
##.#...##.###....##
#...[..#...#.#))..#
##..[.......)<#.)..
####).........)###.##
##..#§........)######.
#[<[#§§........##...#.
###[.##@O...............
##.#...Oo§§..............
#.......§§#.........#....
##......§.###..^.........
###.........####...........
#..#.....#...##...........#
##.....o..#.##<[.....o.....
##..........#.....)......<
#.........o.......#......


You could see 2 two-headed ogres and 2 orcs.

Vanquished Creatures
  Erolcha (D:9)
  An ogre mage (Orc:2)
  2 two-headed ogres (Orc:2)
  Erica (D:9)
  An orc sorcerer (Orc:2)
  A troll (Orc:2)
  A yak (D:9)
  5 water moccasins
  9 orc warriors
  2 black bears (D:9)
  An ice beast (D:5)
  A sky beast (D:5)
  6 ogres
  2 centaurs
  2 kobold brigands (D:8)
  6 bullfrogs
  A water moccasin zombie (D:5)
  A water moccasin skeleton (D:6)
  3 scorpions
  A howler monkey (D:6)
  A bullfrog zombie (D:5)
  2 centaur zombies
  A hound (D:5)
  2 bullfrog skeletons (D:5)
  A centaur skeleton (D:10)
  4 orc priests
  2 iguanas
  12 orc wizards
  2 worker ants
  2 hound zombies
  A hound skeleton (D:4)
  5 adders
  4 gnolls (D:5)
  A howler monkey skeleton (D:5)
  A shadow imp (D:10)
  An ooze (D:4)
  3 adder zombies (D:5)
  A dart slug (D:1)
  A leopard gecko (D:4)
  31 orcs
  A ball python (D:3)
  2 giant cockroaches
  12 goblins
  11 hobgoblins
  A jackal (D:4)
  14 kobolds
  3 quokkas
  6 bats
  A frilled lizard (D:2)
  A jackal zombie (D:5)
  A leopard gecko zombie (D:5)
  2 quokka zombies
  4 rats
185 creatures vanquished.

Vanquished Creatures (collateral kills)
  An ogre (D:5)
  A black bear (D:5)
  2 centaurs
  A scorpion (D:4)
  A hound (D:4)
  An orc priest (D:3)
  An orc wizard (D:6)
  Natasha (D:2)
  A hound zombie (D:5)
  Robin (D:2)
  An ooze (D:2)
  2 orcs
  A quokka zombie (D:5)
  2 rats
17 creatures vanquished.

Vanquished Creatures (others)
  16 fungi (D:9)
  8 plants
24 creatures vanquished.

Grand Total: 226 creatures vanquished

Notes
Turn   | Place    | Note
-------+----------+-------------------------------------------
     0 | D:1      | CurlyBrace the Felid Summoner began the quest for the Orb.
     0 | D:1      | Reached XP level 1. HP: 7/7 MP: 4/4
   145 | D:3      | Found a snail-covered altar of Cheibriados.
   157 | D:3      | Became a worshipper of Cheibriados the Contemplative
   252 | D:2      | Noticed Robin
   268 | D:2      | Reached XP level 2. HP: 7/12 MP: 3/6
   307 | D:1      | Reached skill level 1 in Fighting
   307 | D:1      | Reached skill level 1 in Unarmed Combat
   412 | D:1      | Reached skill level 3 in Stealth
   814 | D:2      | Reached XP level 3. HP: 15/15 MP: 7/7
   818 | D:2      | Reached * piety under Cheibriados
   858 | D:2      | Killed Robin
   926 | D:2      | Noticed Natasha
   942 | D:2      | Killed Natasha
   947 | D:2      | Learned a level 2 spell: Call Imp
   977 | D:2      | Reached XP level 4. HP: 11/20 MP: 6/8
  1012 | D:2      | Noticed Natasha
  1139 | D:3      | Reached ** piety under Cheibriados
  1374 | D:4      | Found a staircase to the Ecumenical Temple.
  1400 | D:4      | Reached XP level 5. HP: 15/24 MP: 7/9
  1464 | D:4      | HP: 1/24 [poisoned by a scorpion]
  1514 | D:3      | Gained mutation: Your magical capacity is low. (-10% MP)
                  | [potion of mutation]
  1514 | D:3      | Gained mutation: Your magical capacity is very low. (-20%
                  | MP) [potion of mutation]
  1514 | D:3      | Gained mutation: You are clumsy. (Dex -2) [potion of
                  | mutation]
  1514 | D:3      | Gained mutation: Your natural rate of healing is unusually
                  | fast. [potion of mutation]
  1541 | D:4      | Found a bloodstained altar of Trog.
  1587 | D:4      | Found Baryskias's Bounteous Boutique.
  1591 | D:5      | Entered Level 5 of the Dungeon
  1605 | D:4      | Bought a scroll of blinking for 97 gold pieces
  1628 | D:5      | Noticed a sky beast
  1658 | D:5      | Found a broken altar of Ashenzari.
  1685 | D:5      | Killed a sky beast
  1686 | D:5      | Gained mutation: You are covered in thick fur. (AC +2)
                  | [Felid growth]
  1686 | D:5      | Reached XP level 6. HP: 20/28 MP: 1/8
  1701 | D:5      | Reached *** piety under Cheibriados
  1779 | D:6      | Found a basalt altar of Yredelemnul.
  1794 | D:6      | Reached skill level 4 in Stealth
  1794 | D:6      | Reached XP level 7. HP: 19/33 MP: 6/9
  1847 | D:6      | Slain by an orc
  1848 | D:6      | Reached XP level 6. HP: 0/29 MP: 5/8
  1921 | D:6      | Found a runed translucent gate.
  1926 | D:6      | Found a runed translucent gate.
  1953 | D:5      | Reached skill level 5 in Fighting
  1953 | D:5      | Reached skill level 5 in Stealth
  1958 | D:5      | Reached skill level 5 in Unarmed Combat
  1981 | D:6      | Noticed TimeIsEndless's ghost (novice DEAE)
  1983 | D:6      | Found a runed translucent gate.
  1997 | D:6      | Noticed a water moccasin
  2008 | D:5      | Reached **** piety under Cheibriados
  2009 | D:5      | Reached XP level 7. HP: 33/33 MP: 9/9
  2035 | D:5      | Found a glowing golden altar of the Shining One.
  2080 | D:5      | Reached skill level 5 in Dodging
  2208 | D:5      | Reached skill level 6 in Stealth
  2274 | D:5      | Reached XP level 8. HP: 30/38 MP: 9/9
  2347 | D:6      | Reached ***** piety under Cheibriados
  2362 | D:6      | Found a sacrificial altar of Ru.
  2404 | D:6      | Found Veysef's Assorted Antiques.
  2413 | D:6      | Reached skill level 7 in Stealth
  2429 | D:6      | Reached skill level 1 in Evocations
  2436 | D:6      | Bought a lumpy brown potion for 19 gold pieces
  2454 | D:7      | Found a radiant altar of Vehumet.
  2533 | D:9      | Noticed a two-headed ogre
  2564 | D:8      | Found a radiant altar of Vehumet.
  2577 | D:8      | Noticed a hornet
  2711 | D:9      | Noticed Erolcha
  2716 | D:9      | Killed Erolcha
  2717 | D:9      | Reached skill level 8 in Stealth
  2717 | D:9      | Reached XP level 9. HP: 43/43 MP: 10/10
  2757 | D:10     | Entered Level 10 of the Dungeon
  2757 | D:10     | Found Qopsut's Armour Boutique.
  2758 | D:10     | Found a staircase to the Orcish Mines.
  2813 | D:9      | Learned a level 2 spell: Ensorcelled Hibernation
  2814 | D:9      | Found a staircase to the Lair.
  2822 | D:9      | Noticed Erica
  2887 | D:9      | Reached skill level 1 in Hexes
  2904 | D:9      | Killed Erica
  2905 | D:9      | Reached skill level 9 in Stealth
  2905 | D:9      | Reached skill level 1 in Ice Magic
  2959 | Lair:1   | Entered Level 1 of the Lair of Beasts
  2974 | Lair:1   | Reached XP level 10. HP: 48/48 MP: 11/11
  3023 | D:10     | Found Vott's Weapon Boutique.
  3032 | D:10     | Reached ****** piety under Cheibriados
  3056 | Orc:1    | Entered Level 1 of the Orcish Mines
  3096 | Orc:1    | Reached skill level 1 in Invocations
  3140 | Orc:2    | Entered Level 2 of the Orcish Mines
  3145 | Orc:2    | Found a staircase to the Elven Halls.
  3173 | Orc:2    | Noticed an orc sorcerer
  3212 | Orc:2    | Killed an orc sorcerer
  3388 | Orc:1    | Noticed an orc warlord
  3439 | Orc:2    | Noticed a two-headed ogre
  3439 | Orc:2    | Noticed a two-headed ogre
  3439 | Orc:2    | Noticed a two-headed ogre
  3440 | Orc:2    | Noticed an ogre mage
  3440 | Orc:2    | Noticed an ogre mage
  3446 | Orc:2    | Noticed a two-headed ogre
  3447 | Orc:2    | Killed a two-headed ogre
  3447 | Orc:2    | Killed an ogre mage
  3447 | Orc:2    | Noticed a two-headed ogre
  3448 | Orc:2    | Reached skill level 10 in Stealth
  3452 | Orc:2    | Noticed a two-headed ogre
  3454 | Orc:2    | Slain by a two-headed ogre
  3454 | Orc:2    | Noticed an ogre mage
  3455 | Orc:2    | Reached XP level 9. HP: -4/45 MP: 11/11
  3465 | Orc:2    | Reached XP level 10. HP: 49/49 MP: 12/12
  3469 | Orc:2    | Killed a two-headed ogre
  3477 | Orc:2    | Annihilated by a two-headed ogre
  3478 | Orc:2    | Reached XP level 9. HP: -24/46 MP: 2/11
  3501 | Orc:2    | Quit the game

Illustrated notes

Levels and vault maps discovered:
D:1:      minmay_arrival_semitransparent, layout_loops_ring
D:2:      layout_loops_ring, chequers_hall_statues_wall_a, uniq_natasha,
          uniq_robin, uniq_jessica, uniq_sigmund
D:3:      layout_basic, cheibriados_altar_1, minmay_misc_feat_pillars,
          minmay_misc_feat_tower, uniq_grinder
D:4:      layout_basic, marbit_many_paths, minmay_temple_entry_ruins,
          nicolae_alphabet_shops, minmay_misc_feat_square, minmay_misc_feat_iff,
          minmay_box_of_dots
D:5:      layout_rooms, lemuel_doored_altar, nicolae_tso_swordbearing_angel,
          serial_undead, serial_undead_a, serial_undead_c, serial_undead_f,
          serial_undead_d
D:6:      layout_cave_pools, yredelemnul_altar_generic,
          nicolae_ru_path_of_blood, serial_column_ruins,
          column_ruins_hut_ruined, column_ruins_grid_1,
          column_ruins_corridor_straight, column_ruins_columns_straight,
          column_ruins_open_large, column_ruins_columns_plus,
          ebering_ghost_rock_garden, serial_shops, shop
D:7:      layout_cave_pools, vehumet_crystals, general_overflow_altar,
          serial_column_ruins, column_ruins_open_medium,
          column_ruins_open_large, column_ruins_columns_corner,
          column_ruins_corridor_straight, column_ruins_open_tiny,
          column_ruins_open_medium, column_ruins_columns_straight, uniq_joseph,
          uniq_crazy_yiuf_cottage, uniq_menkaure
D:8:      layout_gridville, vehumet_altar_wand_db, uniq_maggie
D:9:      layout_grid_maze, due_lair_maze_entry_diamond, basic_altar,
          okawaru_humans, uniq_erica, uniq_erolcha
D:10:     minmay_the_grid_triangle_9x9_recursive_2
          [minmay_the_grid_triangle_9x9_prize_schism,
          minmay_the_grid_triangle_9x9_impossible_snake,
          minmay_the_grid_triangle_9x9_fully_insulated_deathbox,
          minmay_the_grid_triangle_9x9_sprig], layout_loops_ring, orc_david_3,
          serial_shops, kennysheep_mini, chequers_serial_rivers_room_a
Lair:1:   layout_regular_city
Orc:1:    layout_caves, nicolae_orc_lava_room
Orc:2:    st_orc_ogre_mass, layout_diamond_mine

Skill      XL: |  1  2  3  4  5  6  7  8  9 10 |
---------------+-------------------------------+-----
Fighting       | 1 2 3 4 5 7 8 9 |  9.5
Dodging        | 3 5 7 8 9 |  9.1
Unarmed Combat | 1 2 3 4 5 7 8 9 |  9.5
Stealth        | 3 5 6 8 9 10 | 10.2
Evocations     | 1 3 |  3.0
Hexes          | 1 |  1.0
Ice Magic      | 1 |  1.0
Invocations    | 3 |  3.0
Spellcasting   | 3 |  3.0
Summonings     | |  4.0

Action                   |  1- 3 |  4- 6 |  7- 9 | 10-12 || total
-------------------------+-------+-------+-------+-------++-------
Melee: Unarmed           |    87 |   136 |   255 |    92 ||   570
       Bite              |     6 |    12 |    46 |    23 ||    87
       Punch             |       |     5 |    12 |     7 ||    24
 Cast: Summon Small Mamm |    19 |    53 |    37 |     4 ||   113
       Call Imp          |       |     1 |     1 |     1 ||     3
       Ensorcelled Hiber |       |       |    14 |    23 ||    37
Evoke: Wand              |       |       |     5 |     5 ||    10
  Use: Scroll            |     4 |     7 |     7 |     2 ||    20
       Potion            |     3 |     1 |     8 |       ||    12
 Stab: Sleeping          |    13 |    11 |     6 |    10 ||    40
       Distracted        |       |     2 |     3 |       ||     5
Armor: Skin              |     3 |     6 |     3 |     1 ||    13
Dodge: Dodged            |    57 |   134 |   333 |   143 ||   667

Table legend: (Time is in decaauts)
 A = Elapsed time spent in this place.
 B = Non-inter-level travel time spent in this place.
 C = Inter-level travel time spent in this place.
 D = Time resting spent in this place.
 E = Time spent auto-exploring this place.
 F = Levels seen in this place.
 G = Mean time per level.
                   A        B        C        D        E       F      G
               +--------+--------+--------+--------+--------+-----+--------+
         Total |   4336 |   4275 |     61 |      0 |      0 |  13 |  333.5 |
       Dungeon |   3682 |   3621 |     61 |      0 |      0 |  10 |  368.2 |
          Lair |     17 |     17 |      0 |      0 |      0 |   1 |   17.0 |
  Orcish Mines |    635 |    635 |      0 |      0 |      0 |   2 |  317.5 |
               +--------+--------+--------+--------+--------+-----+--------+

Top non-repeatable levels by time:
     D:2: 661 daAuts
     D:5: 588 daAuts
   Orc:2: 496 daAuts
     D:1: 454 daAuts
     D:9: 450 daAuts
     D:6: 431 daAuts
     D:3: 401 daAuts
     D:4: 293 daAuts
     D:8: 210 daAuts
   Orc:1: 139 daAuts
     D:7: 107 daAuts
    D:10: 82 daAuts
  Lair:1: 17 daAuts
